 Dungeon Sprint DCSS version 0.31.0-12-g77e489cdc1 (webtiles) character file.

Game seed: 12384865538312553930

18624 boopmooplesden the Stickfighter (level 12, -3/128 HPs)
             Began as a Minotaur Gladiator on Feb 12, 2024.
             Was the Champion of Trog.
             Killed from afar by a nagaraja (40 damage)
             ... with a poison arrow
             ... in the Dungeon (Sprint VII: "The Pits").
             The game lasted 00:06:08 (3686 turns).

boopmooplesden the Stickfighter (MiGl)              Turns: 3686, Time: 00:06:10

Health: -3/128     AC: 26    Str: 24    XL:     12   Next: 29%
Magic:  11/11      EV: 14    Int:  5    God:    Trog [******]
Gold:   14         SH:  0    Dex: 15    Spells: 11/11 levels left

rFire   . . .        z - +5 quarterstaff "Pimuesin" {flame, rC+++ Will+ Dex+3}
rCold   + + +        (shield currently unavailable)
rNeg    . . .        x - +3 plate armour
rPois   .            c - +0 hat
rElec   .            (no cloak)
rCorr   .            J - +0 pair of gloves
SInv    .            y - +0 pair of boots
Will    ++...        (no amulet) Stlth
                     I - ring of protection from cold
HPRegen 0.41/turn    G - ring of willpower
MPRegen 0.12/turn

%: no teleportation
@: lethally poisoned (-3 -> -94), on berserk cooldown, slowed, very slow
A: horns 2, retaliatory headbutt
a: Renounce Religion, Berserk, Trog's Hand, Brothers in Arms


You were in the Dungeon.
You worshipped Trog.
Trog was exalted by your worship.
You visited 1 branch You collected 14 gold pieces.

Inventory:

Hand Weapons
 a - a +0 quarterstaff
 l - a +2 quarterstaff
 r - a +0 quarterstaff of protection
 s - a +2 antimagic triple sword
 w - a +0 vampiric lajatang
 z - the +5 quarterstaff "Pimuesin" (weapon) {flame, rC+++ Will+ Dex+3}
   (Trog gifted it to you in the Dungeon)

   Dex+3:     It affects your dexterity (+3).
   rC+++:     It renders you almost immune to cold.
   Will+:     It increases your willpower.
 A - the +5 quarterstaff of the Horn {flame, rElec rPois rN++ Int-2}
   (Trog gifted it to you in the Dungeon)

   Int-2:     It affects your intelligence (-2).
   rElec:     It insulates you from electricity.
   rPois:     It protects you from poison rN++: It greatly protects you from
   negative energy.
Missiles
 d - 3 throwing nets (quivered)
 e - a javelin
Armour
 b - a +0 leather armour
 c - a +0 hat (worn)
 q - a +2 plate armour
 x - a +3 plate armour (worn)
 y - a +0 pair of boots (worn)
 J - a +0 pair of gloves (worn)
Jewellery
 t - a +3 ring of intelligence
 u - a +3 ring of dexterity
 G - a ring of willpower (right hand)
 I - a ring of protection from cold (left hand)
Talismans
 K - a beast talisman
Wands
 H - a wand of mindburst (18)
Scrolls
 k - 4 scrolls of blinking
 n - 2 scrolls of vulnerability
 o - 5 scrolls of amnesia
 p - a scroll of butterflies
 B - 4 scrolls of identify
 C - 2 scrolls of fog
 D - 2 scrolls of enchant weapon
 E - a scroll of fear
Potions
 f - 10 potions of curing
 g - 16 potions of heal wounds
 h - 4 potions of haste
 i - 4 potions of magic
 j - 5 potions of berserk rage
 m - 2 potions of invisibility
 v - a potion of might
 F - a potion of lignification


   Skills:
 + Level 18.6 Fighting
 + Level 20.9 Staves
 + Level 4.9 Throwing
 + Level 20.4 Armour
 + Level 13.8 Dodging


You had 11 spell levels left.
You didn't know any spells.
Your spell library was empty.

Dungeon Overview and Level Annotations

Branches:
Dungeon (1/1)

Altars:
Cheibriados
Dithmenos
Elyvilon
Fedhas
Gozag
Hepliaklqana
Makhleb
Nemelex Xobeh
Okawaru
Qazlal
Ru
Sif Muna
Trog
Vehumet
Wu Jian
Xom
Yredelemnul
Zin
The Shining One
Jiyva
Lugonu


Innate Abilities, Weirdness & Mutations

You have a pair of horns on your head.
You reflexively headbutt those who attack you in melee.


Message History

You feel very sick. The phantasmal warrior hits you!!
You hit the phantasmal warrior. You burn the phantasmal warrior.
You headbutt the phantasmal warrior.
The phantasmal warrior is heavily damaged.
You feel sick.
You hit the phantasmal warrior. You burn the phantasmal warrior.
You headbutt the phantasmal warrior!
The phantasmal warrior is almost destroyed.
You feel sick.
The nagaraja hits you but does no damage.
You thump the phantasmal warrior! You burn the phantasmal warrior.
You destroy the phantasmal warrior!
Trog accepts your kill.
You feel sick.
You feel very sick.
You feel a strong urge to attack something.
You are no longer berserk.
You are exhausted.
You feel yourself slow down.
You feel sick.
The nagaraja hits you from afar with a +0 halberd!
The ice devil barely misses you.
You barely miss the ice devil.
You feel sick.
The nagaraja gestures at you while chanting.
The bolt of poison hits you!!
You are more poisoned.
The ice devil misses you.
You bludgeon the ice devil!! You burn the ice devil!
You headbutt the ice devil, but do no damage.
The ice devil is heavily wounded.
You feel extremely sick. The nagaraja spits poison at you.
The splash of poison hits you!
You are lethally poisoned!
* * * LOW HITPOINT WARNING * * *
The ice devil hits you but does no damage.
The nagaraja points at you and mumbles some strange words.
The poison arrow hits you!!!
You are more poisoned.
You die...

##################+#
.....).............#
................@..#
#++##############4N#
#..# #..# #..# #..#
#..# #..#


You could see a nagaraja (fast, catching breath) and an ice devil.

Vanquished Creatures
  A deep elf blademaster (D)
  A ghost moth (D)
  2 vampire knights (D)
  Erolcha (D)
  A hydra (D)
  2 two-headed ogres (D)
  A shadow wraith (D)
  A large abomination (D)
  An arcanist (D)
  A sea snake (D)
  A bog body (D)
  4 harpies (D)
  A phantasmal warrior (D)
  A wolf spider (D)
  A deep elf zephyrmancer (D)
  A cyclops (D)
  An elephant (D)
  A black mamba (D)
  A smoke demon (D)
  A cane toad (D)
  A komodo dragon (D)
  2 ice devils (D)
  A troll (D)
  A polar bear (D)
  Prince Ribbit (D)
  2 glass eyes (D)
  6 dream sheep (D)
  A jumping spider (D)
  A shadow (D)
  3 snapping turtles (D)
  An air elemental (D)
  A ynoxinul (D)
  A steam dragon (D)
  A redback (D)
  4 vampire mosquitoes (D)
  A swamp drake (D)
  2 black bears (D)
  A centaur (D)
  A weeping skull (D)
  A kobold brigand (D)
  A bullfrog (D)
  A brain worm (D)
  5 wights (D)
  2 crimson imps (D)
  A quasit (D)
  An iguana (D)
  An orc wizard (D)
  A hell rat (D)
  3 gnolls (D)
  3 ufetubi (D)
  An adder zombie (D)
  A ribbon worm (D)
  2 orcs (D)
  A giant cockroach (D)
  2 jackals (D)
  A ball python (D)
  A kobold (D)
  A quokka zombie (D)
  A rat (D)
88 creatures vanquished.

Notes
Turn   | Place    | Note
-------+----------+-------------------------------------------
     0 | D        | boopmooplesden the Minotaur Gladiator began the quest for
                  | the Orb.
     0 | D        | Reached XP level 1. HP: 18/18 MP: 0/0
    42 | D        | Found a bloodstained altar of Trog.
    42 | D        | Found a shimmering blue altar of Sif Muna.
    42 | D        | Found a viscous altar of Jiyva.
    42 | D        | Found a hazy altar of Hepliaklqana.
    42 | D        | Found an opulent altar of Gozag.
    43 | D        | Found a glowing golden altar of the Shining One.
    43 | D        | Found a glowing silver altar of Zin.
    43 | D        | Found a basalt altar of Yredelemnul.
    43 | D        | Found a shimmering altar of Xom.
    43 | D        | Found an ornate altar of the Wu Jian Council.
    43 | D        | Found a sacrificial altar of Ru.
    43 | D        | Found a stormy altar of Qazlal.
    43 | D        | Found an iron altar of Okawaru.
    43 | D        | Found a sparkling altar of Nemelex Xobeh.
    43 | D        | Found a burning altar of Makhleb.
    43 | D        | Found a blossoming altar of Fedhas.
    43 | D        | Found a white marble altar of Elyvilon.
    43 | D        | Found a shadowy altar of Dithmenos.
    43 | D        | Found a snail-covered altar of Cheibriados.
    45 | D        | Found a corrupted altar of Lugonu.
    45 | D        | Found a radiant altar of Vehumet.
    46 | D        | Became a worshipper of Trog the Wrathful
    60 | D        | Reached skill level 5 in Staves
    60 | D        | Reached XP level 2. HP: 10/26 MP: 1/1
    63 | D        | Reached skill level 5 in Dodging
   335 | D        | Noticed a glass eye
   337 | D        | Reached * piety under Trog
   354 | D        | Killed a glass eye
   355 | D        | Reached skill level 5 in Fighting
   355 | D        | Reached XP level 3. HP: 36/36 MP: 2/2
   355 | D        | Reached XP level 4. HP: 42/42 MP: 3/3
   355 | D        | Reached XP level 5. HP: 48/48 MP: 4/4
   366 | D        | Reached ** piety under Trog
   366 | D        | Noticed a black bear
   373 | D        | Killed a black bear
   374 | D        | Reached skill level 10 in Staves
   374 | D        | Reached XP level 6. HP: 38/57 MP: 5/5
   516 | D        | Reached *** piety under Trog
   517 | D        | Reached skill level 10 in Dodging
   521 | D        | Reached XP level 7. HP: 59/64 MP: 6/6
   548 | D        | Reached **** piety under Trog
   549 | D        | Reached skill level 5 in Armour
   584 | D        | Reached ***** piety under Trog
   636 | D        | Noticed a snapping turtle
   644 | D        | Killed a snapping turtle
   651 | D        | Received a gift from Trog
   655 | D        | Reached XP level 8. HP: 37/74 MP: 7/7
   909 | D        | Noticed a dream sheep
   909 | D        | Noticed a dream sheep
   909 | D        | Noticed a dream sheep
   909 | D        | Noticed a dream sheep
   909 | D        | Noticed a dream sheep
   916 | D        | Noticed a dream sheep
   918 | D        | Killed a dream sheep
   923 | D        | Killed a dream sheep
   928 | D        | Killed a dream sheep
   931 | D        | Killed a dream sheep
   932 | D        | Killed a dream sheep
   932 | D        | Received a gift from Trog
   933 | D        | Reached XP level 9. HP: 36/84 MP: 8/8
   936 | D        | Reached skill level 15 in Staves
  1176 | D        | Noticed Prince Ribbit
  1176 | D        | Noticed a vampire knight
  1189 | D        | Killed a vampire knight
  1190 | D        | Reached skill level 10 in Fighting
  1204 | D        | Killed Prince Ribbit
  1431 | D        | Received a gift from Trog
  1488 | D        | Noticed a cyclops
  1493 | D        | Killed a cyclops
  1494 | D        | Reached XP level 10. HP: 80/97 MP: 9/9
  1718 | D        | Received a gift from Trog
  1741 | D        | Noticed Erolcha
  1761 | D        | Killed Erolcha
  1960 | D        | Noticed a wolf spider
  1960 | D        | Noticed a harpy
  1961 | D        | Noticed a harpy
  1961 | D        | Noticed a harpy
  1961 | D        | Noticed a harpy
  1963 | D        | Noticed a deep elf zephyrmancer
  1965 | D        | Killed a harpy
  1972 | D        | Killed a wolf spider
  1972 | D        | Reached ****** piety under Trog
  1975 | D        | Killed a harpy
  1976 | D        | Reached skill level 15 in Armour
  1977 | D        | Killed a harpy
  1977 | D        | Received a gift from Trog
  1980 | D        | Killed a harpy
  1990 | D        | Killed a ghost moth
  1991 | D        | Reached XP level 11. HP: 111/111 MP: 0/10
  1993 | D        | Killed a deep elf zephyrmancer
  2032 | D        | Reached skill level 15 in Fighting
  2047 | D        | Identified the +5 quarterstaff "Pimuesin" {flame, rC+++
                  | Will+ Dex+3} (Trog gifted it to you in the Dungeon)
  2047 | D        | Received a gift from Trog
  2298 | D        | Noticed a two-headed ogre
  2298 | D        | Noticed a sea snake
  2304 | D        | Killed a two-headed ogre
  2306 | D        | Killed a sea snake
  2602 | D        | Killed a shadow wraith
  2606 | D        | Received a gift from Trog
  2660 | D        | Noticed an arcanist
  2671 | D        | Killed an arcanist
  2690 | D        | Identified the +5 quarterstaff of the Horn {flame, rElec
                  | rPois rN++ Int-2} (Trog gifted it to you in the Dungeon)
  2690 | D        | Received a gift from Trog
  2719 | D        | Noticed a large abomination
  2731 | D        | Killed a large abomination
  3131 | D        | Noticed a seven-headed hydra
  3131 | D        | Noticed a vampire knight
  3131 | D        | Noticed a two-headed ogre
  3145 | D        | Killed a vampire knight
  3145 | D        | Received a gift from Trog
  3146 | D        | Killed a two-headed ogre
  3147 | D        | Reached XP level 12. HP: 79/127 MP: 11/11
  3150 | D        | Killed a seven-headed hydra
  3368 | D        | Noticed a deep elf blademaster
  3392 | D        | Killed a deep elf blademaster
  3650 | D        | Paralysed by an air elemental for 1 turns
  3655 | D        | Paralysed by an air elemental for 1 turns
  3662 | D        | Received a gift from Trog
  3673 | D        | Noticed a nagaraja
  3686 | D        | Killed from afar by a nagaraja

Illustrated notes

Levels and vault maps discovered:
D:        pitsprint [storerooms_1, entrance_room_1, metal_vault_6, armoury_1,
          mini_pit_1, grid_room_1, main_hall_1, silver_pit, the_coven_2,
          the_vestibule_1, steel_vault_4, golden_pit, hallway_of_sentries,
          crystal_vault_5, iron_vault_5, final_vault]

Skill      XL: |  1  2  3  4  5  6  7  8  9 10 11 12 |
---------------+-------------------------------------+-----
Staves         | 5 9 10 11 13 14 16 18 20 | 20.9
Dodging        | 4 8 9 10 11 12 13 | 13.8
Fighting       | 3 5 6 7 9 11 14 17 18 | 18.6
Throwing       | 3 4 |  4.9
Armour         | 3 4 6 9 12 16 19 20 | 20.4

Action                     |  1- 3 |  4- 6 |  7- 9 | 10-12 || total
---------------------------+-------+-------+-------+-------++-------
  Melee: Quarterstaff      |    30 |    17 |    65 |   130 ||   242
         Headbutt          |     3 |     4 |    19 |    41 ||    67
         Lajatang          |       |       |    24 |    83 ||   107
 Invoke: Berserk           |       |       |     5 |     7 ||    12
         Trog's Hand       |       |       |       |     1 ||     1
 Armour: Leather armour    |    13 |     4 |       |       ||    17
         Plate armour      |       |     5 |    87 |   190 ||   282
  Dodge: Dodged            |    19 |    10 |    47 |   103 ||   179
